 Dungeon Crawl Stone Soup version 0.30-a0-310-g7d6cbdfea6 (webtiles) character file.

Game seed: 800688853525900192

1143 lunkers the Frost Mage (level 8, -4/57 HPs)
             Began as a Meteoran Ice Elementalist on Oct 24, 2022.
             Was a Plaything of Xom.
             Slain by a yak (12 damage)
             ... on level 8 of the Dungeon.
             The game lasted 00:06:53 (2172 turns).

lunkers the Frost Mage (Meteoran Ice Elementalist)  Turns: 2172, Time: 00:06:53

Health: -4/57      AC: 17    Str: 12    XL:     8   Next: 96%
Magic:  13/18      EV: 13    Int: 23    God:    Xom [....*.]
Gold:   198        SH:  0    Dex: 18    Spells: 9/20 levels left

rFire   . . .      SeeInvis .    l - +7 quarterstaff "Orb Guardian's Foe" {vorpal, *Slow rC+ Str+4 Int+4}
rCold   + + .      Faith    .    (shield currently unavailable)
rNeg    . . .      Spirit   .    a - +0 robe
rPois   .          Reflect  .    q - +2 helmet
rElec   .          Harm     .    (no cloak)
rCorr   +          Rampage  .    (no gloves)
Will    ++...                    (no boots)
Stlth   +.........               (no amulet)
HPRegen 0.29/turn                v - ring of willpower
MPRegen 0.16/turn                t - ring of resist corrosion

@: lethally poisoned (-4 -> -11), ice-armoured, cleaving, freezing walls,
glowing
A: sense surroundings 1, otherworldly, glowing, explore regen, iridescent scales
1, agile 1, cold resistance 1
a: Renounce Religion


You were on level 8 of the Dungeon.
You worshipped Xom.
You were a beloved toy of Xom.
You visited 1 branch of the dungeon, and saw 8 of its levels.

You collected 198 gold pieces.

Inventory:

Hand Weapons
 h - a +0 dagger of electrocution
 i - a +1 dagger of venom
 l - the +7 quarterstaff "Orb Guardian's Foe" (weapon) {vorpal, *Slow rC+ Str+4 Int+4}
   (You found it on level 3 of the Dungeon)

   It inflicts extra damage upon your enemies.
   Str:       It affects your strength (+4).
   Int:       It affects your intelligence (+4).
   rC:        It protects you from cold.
   *Slow:     It may slow you when you take damage.
Armour
 a - a +0 robe (worn)
 q - a +2 helmet (worn)
Jewellery
 t - a ring of resist corrosion (right hand)
 v - a ring of willpower (left hand)
Wands
 p - a wand of iceblast (5)
 x - a wand of acid (12)
Scrolls
 c - a scroll of immolation {unknown}
 e - 2 scrolls of blinking {unknown}
 g - 3 scrolls of poison
 j - a scroll of butterflies {unknown}
 k - 4 scrolls of identify {unknown}
 m - a scroll of torment {unknown}
 n - a scroll of vulnerability {unknown}
 s - a scroll of noise {unknown}
 u - a scroll of enchant weapon {unknown}
 y - 2 scrolls of magic mapping {unknown}
 z - 2 scrolls of enchant armour {unknown}
Potions
 b - a potion of magic
 d - a potion of degeneration {unknown}
 f - 4 potions of curing {unknown}
 o - 2 potions of brilliance {unknown}
 r - 2 potions of invisibility {unknown}
 w - a potion of flight {unknown}


   Skills:
 - Level 2.4 Dodging
 - Level 1.4 Stealth
 + Level 6.5 Spellcasting
 * Level 4.3 Summonings
 * Level 9.1 Ice Magic


You had 9 spell levels left.
You knew the following spells:

 Your Spells              Type           Power      Damage    Failure   Level
a - Freeze                Ice            100%       1d10      1%          1
b - Frozen Ramparts       Ice            98%        1d15      1%          3
c - Ozocubu's Armour      Ice            49%        N/A       1%          3
d - Summon Ice Beast      Ice/Summ       38%        N/A       4%          4

Your spell library contained the following spells:

 Spells                   Type           Power      Damage    Failure   Level
 Hailstorm                Conj/Ice       28%        3d8       3%          3
 Cigotuvi's Dreadful Rot  Necr/Pois/Air  14%        N/A       12%         2
 Poisonous Vapours        Pois/Air       14%        N/A       12%         2
 Ice Form                 Ice/Tmut       28%        N/A       12%         4
 Mephitic Cloud           Conj/Pois/Air  7%         N/A       24%         3
 Anguish                  Hex/Necr       3%         N/A       63%         4
 Dispel Undead            Necr           7%         3d8       63%         4
 Simulacrum               Ice/Necr       14%        N/A       88%         6
 Death Channel            Necr           3%         N/A       100%        6
 Enfeeble                 Hex            3%         N/A       100%        7


Dungeon Overview and Level Annotations

Branches:
Dungeon (8/15) Zot: 2612     Lair (0/5) D:8
 Temple: D:4-7

Altars:
Xom

Annotations:
D:4 2 transporters


Innate Abilities, Weirdness & Mutations

You passively map a small area around you.
You are easily found by Zot.
You glow in the dark.
You regain HP and MP as you explore.
You are partially covered in iridescent scales. (AC +2)
You are agile. (Dex +4, Str/Int -1)
Your flesh is cold resistant. (rC+)


Message History

The white imp resists.
The wall freezes the white imp.
Your ice beast hits the ice beast.
Your ice beast freezes the ice beast.
The ice beast completely resists.
The wall freezes the gnoll.
The gnoll completely misses you.
The wall freezes the gnoll sergeant.
The gnoll sergeant hits you from afar with a +2 spear of venom.
* * * LOW HITPOINT WARNING * * *
You are more poisoned.
The wall freezes the yak.
The yak barely misses you.
The wall freezes the yak.
The ice beast completely resists.
The wall freezes the ice beast but does no damage.
The ice beast hits you.
* * * LOW HITPOINT WARNING * * *
The ice beast freezes you. You resist.
* * * LOW HITPOINT WARNING * * *
You sock the ice beast!
The ice beast is severely wounded.
You hit the gnoll. You hit the yak.
* * * LOW HITPOINT WARNING * * *
You feel very sick.
A warg comes into view.
Your ice beast hits the ice beast but does no damage.
The wall freezes the gnoll!
You kill the gnoll!
The wall freezes the yak!
You kill the yak!
The wall freezes the gnoll!
You kill the gnoll!
The wall freezes the gnoll sergeant!
You kill the gnoll sergeant!
The wall freezes the yak but does no damage.
The ice beast completely resists.
The wall freezes the ice beast but does no damage.
The ice beast completely misses your ice beast.
The ufetubus resists.
The wall freezes the ufetubus.
Your ice beast hits the ice beast but does no damage.
The wall freezes the ice beast but does no damage.
The ice beast hits your ice beast. The ice beast freezes your ice beast.
Your ice beast completely resists.
The wall freezes the yak!
The yak gores you!
You die...

, * ## ##.# *
......) * *
....... **
..#.#.. ,
...... ,
..#.#Y5*
......Y##
......Y@# ,
...#.##)# ,
#5## * * #o)#
* ,*
#.......# ,
#..........#
##.........#*
,
#..........#
,
#...........
,


You could see a yak, an ice beast (distracted, ally target), an orc priest, a
white imp, an ufetubus and a friendly ice beast (summoned).

Vanquished Creatures
  A yak (D:8)
  A wyvern (D:7)
  Edmund (D:5)
  Duvessa (D:5)
  A black bear (D:6)
  An ice beast (D:7)
  A centaur (D:7)
  A phantom (D:5)
  A gnoll sergeant (D:8)
  A scorpion (D:6)
  A necrophage (D:6)
  Dowan (D:5)
  A howler monkey (D:5)
  A hound (D:5)
  An orc priest (D:6)
  An iguana (D:6)
  5 gnolls
  2 adders (D:2)
  2 white imps (D:7)
  8 worms
  3 dart slugs
  5 orcs
  4 ball pythons
  2 endoplasms
  3 giant cockroaches (D:1)
  7 hobgoblins
  3 jackals (D:1)
  8 kobolds
  4 quokkas
  9 bats
  A frilled lizard (D:1)
  2 goblins
  6 rats
90 creatures vanquished.

Vanquished Creatures (collateral kills)
  A worm (D:7)
  An orc (D:6)
2 creatures vanquished.

Vanquished Creatures (others)
  A plant (D:8)
1 creature vanquished.

Grand Total: 93 creatures vanquished

Notes
Turn   | Place    | Note
-------+----------+-------------------------------------------
     0 | D:1      | lunkers the Meteoran Ice Elementalist began the quest for
                  | the Orb.
     0 | D:1      | Reached XP level 1. HP: 14/14 MP: 5/5
    49 | D:1      | Reached XP level 2. HP: 16/20 MP: 0/6
   194 | D:1      | Found a faded altar of an unknown god.
   208 | D:1      | Reached XP level 3. HP: 20/26 MP: 1/8
   213 | D:1      | Reached skill level 5 in Ice Magic
   223 | D:1      | Prayed at the altar of an unknown god.
   223 | D:1      | Became a worshipper of Xom of Chaos
   297 | D:1      | XOM: potion effect (heal wounds)
   342 | D:1      | XOM: silly message
   359 | D:1      | Learned a level 3 spell: Frozen Ramparts
   411 | D:1      | Reached XP level 4. HP: 27/33 MP: 4/10
   500 | D:1      | Glimpsed the power of Zot.
   831 | D:3      | Reached XP level 5. HP: 33/38 MP: 8/11
   834 | D:3      | Identified the +7 quarterstaff "Orb Guardian's Foe"
                  | {vorpal, *Slow rC+ Str+4 Int+4}
   998 | D:3      | Learned a level 3 spell: Ozocubu's Armour
  1003 | D:3      | Learned a level 4 spell: Summon Ice Beast
  1159 | D:3      | XOM: smoke on damage
  1293 | D:4      | Reached skill level 6 in Ice Magic
  1401 | D:4      | Found a transporter.
  1421 | D:4      | Found a transporter.
  1503 | D:5      | Entered Level 5 of the Dungeon
  1522 | D:5      | Noticed Dowan
  1522 | D:5      | XOM: silly message
  1524 | D:5      | XOM: divination: detect items
  1530 | D:5      | Noticed Duvessa
  1536 | D:5      | Reached XP level 6. HP: 23/45 MP: 6/13
  1537 | D:5      | XOM: smoke on damage
  1538 | D:5      | Killed Duvessa
  1539 | D:5      | Reached skill level 7 in Ice Magic
  1541 | D:5      | Killed Dowan
  1542 | D:5      | Reached skill level 5 in Spellcasting
  1542 | D:5      | Reached XP level 7. HP: 15/50 MP: 4/15
  1542 | D:5      | XOM: scenery: summon butterflies
  1575 | D:5      | Noticed Edmund
  1582 | D:5      | Killed Edmund
  1591 | D:5      | Reached skill level 8 in Ice Magic
  1630 | D:5      | XOM: give mutations
  1630 | D:5      | Gained mutation: You are partially covered in iridescent
                  | scales. (AC +2) [Xom's grace]
  1630 | D:5      | Gained mutation: You are agile. (Dex +4, Str/Int -1) [Xom's
                  | grace]
  1630 | D:5      | Gained mutation: Your flesh is cold resistant. (rC+) [Xom's
                  | grace]
  1636 | D:6      | XOM: stealth player
  1666 | D:6      | XOM: polymorph ogre -> scorpion
  1674 | D:6      | XOM: divination: detect creatures
  1678 | D:6      | Reached skill level 1 in Summonings
  1680 | D:6      | Reached XP level 8. HP: 43/57 MP: 6/17
  2036 | D:7      | Noticed a wyvern
  2036 | D:7      | XOM: 2-stop teleportation journey
  2041 | D:7      | Killed a wyvern
  2046 | D:7      | Reached skill level 9 in Ice Magic
  2073 | D:7      | XOM: silly message
  2092 | D:7      | XOM: potion effect (brilliance)
  2164 | D:8      | Noticed a yak
  2164 | D:8      | Noticed a yak
  2169 | D:8      | XOM: cleaving
  2172 | D:8      | Killed a yak
  2172 | D:8      | Slain by a yak

Illustrated notes

Levels and vault maps discovered:
D:1:      onia_arrival_mini_spirals, layout_basic,
          shapermc_ecumenical_altar_totnotflames
D:2:      layout_basic
D:3:      layout_loops_ring, hangedman_decor_clover_reticule
D:4:      gammafunk_steamed_eel, layout_basic, mainiacjoe_overflow_alcove_4,
          minmay_temple_entry_proselytizer
D:5:      layout_basic, nicolae_wormholes, uniq_duvessa, uniq_edmund,
          uniq_grinder
D:6:      layout_cave_pods, corexii_corridor_pit, uniq_eustachio
D:7:      layout_loops_cross, mainiacjoe_overflow_alcove_2
D:8:      layout_cave_pods, lemuel_coloured_pillars_altar,
          nicolae_uskayaw_murder_on_the_dancefloor, erik_lair_orcish_takeover,
          serial_ice, serial_ice_f, serial_ice_j, serial_ice_m, serial_ice_b,
          minmay_crossroads

Skill      XL: |  1  2  3  4  5  6  7  8 |
---------------+-------------------------+-----
Spellcasting   | 3 4 5 6 |  6.5
Ice Magic      | 5 6 7 8 9 |  9.1
Summonings     | 1 4 |  4.3
Dodging        | |  2.4
Stealth        | |  1.4

Action                   |  1- 3 |  4- 6 |  7- 9 || total
-------------------------+-------+-------+-------++-------
Melee: Unarmed           |    13 |       |       ||    13
       Punch             |     1 |       |       ||     1
       Dagger            |       |     2 |       ||     2
       Quarterstaff      |       |     6 |    35 ||    41
 Cast: Freeze            |    44 |    49 |    29 ||   122
       Ozocubu's Armour  |       |     2 |     4 ||     6
       Frozen Ramparts   |       |     2 |     4 ||     6
       Summon Ice Beast  |       |       |     7 ||     7
Evoke: Wand              |       |     2 |       ||     2
  Use: Scroll            |     1 |       |       ||     1
 Stab: Distracted        |       |       |     1 ||     1
Armor: Robe              |    20 |    18 |    28 ||    66
Dodge: Dodged            |    37 |    20 |    51 ||   108

Table legend: (Time is in decaauts)
 A = Elapsed time spent in this place.
 B = Non-inter-level travel time spent in this place.
 C = Inter-level travel time spent in this place.
 D = Time resting spent in this place.
 E = Time spent auto-exploring this place.
 F = Levels seen in this place.
 G = Mean time per level.
                   A        B        C        D        E       F      G
               +--------+--------+--------+--------+--------+-----+--------+
         Total |   2186 |   1993 |    193 |      0 |   1302 |   8 |  273.2 |
       Dungeon |   2186 |   1993 |    193 |      0 |   1302 |   8 |  273.2 |
               +--------+--------+--------+--------+--------+-----+--------+

Top non-repeatable levels by time:
     D:1: 523 daAuts
     D:3: 402 daAuts
     D:6: 326 daAuts
     D:2: 303 daAuts
     D:4: 272 daAuts
     D:7: 205 daAuts
     D:5: 142 daAuts
     D:8: 10 daAuts
